 Dungeon Crawl Stone Soup version 0.17-a0-2109-g117576f (webtiles) character file.

798 axujen the Skirmisher (level 7, 0/61 HPs)
             Began as a Centaur Warper on Oct 19, 2015.
             Was an Initiate of Cheibriados.
             Splashed by a jelly's acid (4 damage)
             ... on level 7 of the Dungeon.
             The game lasted 00:19:17 (7138 turns).

axujen the Skirmisher (Centaur Warper)              Turns: 7138, Time: 00:19:17

Health: 0/61       AC: -7    Str: 14    XL:     7   Next: 58%
Magic:  6/9        EV:  8    Int: 13    God:    Cheibriados [......]
Gold:   262        SH:  0    Dex: 12    Spells: 3 memorised, 2 levels left

rFire  . . .     SeeInvis .     w - +2 short sword (venom)
rCold  . . .     Clarity  .     K - +0 ring mail
rNeg   . . .     SustAt   .     (no shield)
rPois  .         Gourm    .     (no helmet)
rElec  .         Spirit   .     T - +2 cloak
rCorr  .         Warding  .     (no gloves)
rMut   .         Stasis   .     (no barding)
MR     .....                    (no amulet)
Stlth  ..........               Q - ring of invisibility
                                (no ring)

@: corroded equipment, drained, not resistant to hostile enchantments, extremely
unstealthy
A: hooves 3, deformed body, speed 2, tough skin 3
a: Bend Time, Renounce Religion, Evoke Invisibility


You were on level 7 of the Dungeon.
You worshipped Cheibriados.
Cheibriados was noncommittal.
You were not hungry.

You visited 2 branches of the dungeon, and saw 8 of its levels.

You collected 262 gold pieces.

Inventory:

Hand Weapons
 e - a +1 dagger of freezing
 r - a +0 whip of electrocution
 w - a +2 short sword of venom (weapon)
 J - a +0 flail of protection
Missiles
 h - 215 stones (quivered)
 B - 19 arrows of flame
 E - 4 poisoned needles
 O - 13 arrows of frost
 P - 40 arrows
 Y - 5 tomahawks of dispersal
Armour
 y - a +0 scale mail
 K - a +0 ring mail (worn)
 T - a +2 cloak (worn)
Jewellery
 x - an uncursed amulet of faith {unknown}
 Q - a ring of invisibility (right hand)
 Z - an uncursed ring of teleportation
Wands
 L - a wand of enslavement (14)
Scrolls
 D - a scroll of magic mapping
 M - a scroll of recharging
 V - 3 scrolls of identify
 X - a scroll of amnesia
Potions
 z - a potion of lignification
 F - a potion of agility {unknown}
 G - 4 potions of curing
 H - a potion of invisibility {unknown}
 S - a potion of haste {unknown}
 U - a potion of resistance {unknown}
 W - a potion of cancellation {unknown}
Books
 c - a book of Spatial Translocations

   Spells                             Type                      Level
   a - Apportation                    Translocation                1
   b - Blink                          Translocation                2
   c - Shroud of Golubria             Charms/Translocation         2
   d - Portal Projectile              Translocation                3
   e - Teleport Other                 Translocation                3
   f - Passage of Golubria            Translocation                4
Comestibles
 f - 4 bread rations
 I - 6 chunks of flesh
 N - 4 fruits
 R - 3 meat rations


   Skills:
 - Level 5.5(5.4) Fighting
 - Level 3.9(3.8) Short Blades
 - Level 1.7(1.6) Maces & Flails
 - Level 1.1(1.0) Throwing
 - Level 0.6(0.5) Armour
 - Level 1.3 Dodging
 - Level 1.5(1.4) Spellcasting
 - Level 4.2(4.1) Translocations
 + Level 3.4(3.3) Invocations


You had 2 spell levels left.
You knew the following spells:

 Your Spells              Type           Power        Failure   Level  Hunger
a - Apportation           Tloc           ##........   12%         1    ##.....
b - Blink                 Tloc           N/A          17%         2    ###....
c - Passage of Golubria   Tloc           N/A          88%         4    #####..


Dungeon Overview and Level Annotations

Branches:
Dungeon (7/15)             Temple (1/1) D:5

Altars:
Ashenzari
Cheibriados
Elyvilon
Fedhas
Makhleb
Nemelex Xobeh
Okawaru
Qazlal
Ru
Sif Muna
Vehumet
Xom
Yredelemnul
Zin
The Shining One

Annotations:
D:5 altaj's ghost, amateur OpAs
D:7 1 exclusion


Innate Abilities, Weirdness & Mutations

You have hooves in place of feet.
Armour fits poorly on your strangely shaped body.
You cover ground very quickly.
You have extremely tough skin (AC +3).


Message History

Unknown command.
Unknown command.
Unknown command.
Unknown command.
Unknown command.
The jelly looks more healthy.
Unknown command.
Unknown command.
Use which ability?
The flow of time bends around you.
Cheibriados rebukes the jelly.
The jelly seems to slow down.
You feel slightly more hungry. The jelly completely misses you.
You hit the jelly but do no damage.
Your hands burn!
* * * LOW HITPOINT WARNING * * *
The jelly is severely wounded.
The jelly hits you.
* * * LOW HITPOINT WARNING * * *
You are splashed with acid!
The acid burns!
You die...

#................#.## ##.##
#................#.# #..#
#..................# ##.##
#..................## #..#
#...................#####<..
♣♣
#...........................
♣♣.♣
#...........................
♣.♣♣
#............>......##......
...♣
#<........Jc.......######...
...♣ #...................
.... ...#
#..............##... ....
...###..............##..
.... ...................###.
##... .....................
... ......................
................#.....
................#


You could see a jelly.

Vanquished Creatures
  3 ice beasts (D:5)
  2 crimson imps (D:5)
  4 iguanas
  An orc priest (D:6)
  5 worker ants
  A centaur skeleton (D:5)
  6 adders
  A gnoll (D:6)
  An ooze (D:1)
  An adder zombie (D:5)
  An adder skeleton (D:7)
  2 worms (D:2)
  4 giant geckos
  9 orcs
  9 bats
  3 giant cockroaches
  6 hobgoblins
  5 quokkas
  A ball python (D:2)
  A giant gecko skeleton (D:7)
  5 giant newts
  11 goblins
  20 jackals
  11 kobolds
  9 rats
122 creatures vanquished.

Notes
Turn   | Place    | Note
--------------------------------------------------------------
     0 | D:1      | axujen the Centaur Warper began the quest for the Orb.
     0 | D:1      | Reached XP level 1. HP: 17/17 MP: 3/3
   126 | D:1      | Reached XP level 2. HP: 16/25 MP: 4/4
   492 | D:1      | Reached skill level 1 in Short Blades
   802 | D:1      | Reached XP level 3. HP: 30/30 MP: 5/5
  1744 | D:2      | Reached XP level 4. HP: 37/37 MP: 6/6
  1801 | D:2      | Reached skill level 3 in Short Blades
  2067 | D:2      | Learned a level 2 spell: Blink
  2342 | D:2      | Found a faded altar to an unknown god.
  2456 | D:3      | Found a shattered altar of Ashenzari.
  3157 | D:3      | Found a white marble altar of Elyvilon.
  3189 | D:3      | Reached XP level 5. HP: 31/42 MP: 7/7
  3596 | D:4      | Learned a level 4 spell: Passage of Golubria
  4261 | D:4      | Reached skill level 4 in Fighting
  4352 | D:4      | Reached XP level 6. HP: 30/53 MP: 8/8
  4745 | D:5      | Entered Level 5 of the Dungeon
  5357 | D:5      | Reached skill level 5 in Fighting
  5408 | D:5      | Reached XP level 7. HP: 40/61 MP: 9/9
  5520 | D:5      | Noticed altaj's ghost (amateur OpAs)
  5677 | D:5      | Found a burning altar of Makhleb.
  5704 | D:5      | Found a basalt altar of Yredelemnul.
  5708 | D:5      | Found a glowing silver altar of Zin.
  5908 | D:5      | Found a staircase to the Ecumenical Temple.
  5925 | Temple   | Entered the Ecumenical Temple
  5941 | Temple   | Became a worshipper of Cheibriados the Contemplative
  6133 | D:6      | Found a glowing golden altar of the Shining One.
  6154 | D:6      | Reached skill level 1 in Invocations
  7138 | D:7      | Splashed by a jelly's acid

Vault maps used:
D:1:      mrwooster_arrival_statue
D:2:      ecumenical_altar_1, first_bread
D:3:      lemuel_crystal_altar, elyvilon_altar_4
D:4:      serial_glass, glass_columns_c, glass_columns_b, item_on_display_a,
          item_on_display_a, kennysheep_doodads
D:5:      minitemple
D:6:      lemuel_crystal_altar
D:7:      nicolae_gozag_seed_capital, uniq_crazy_yiuf_cottage
Temple:   triangle_lava_temple_12

Action                   |  1- 3 |  4- 6 |  7- 9 || total
-------------------------+-------+-------+-------++-------
Melee: Mace              |    13 |       |       ||    13
       Dagger            |   127 |   173 |       ||   300
       Short sword       |       |    59 |    59 ||   118
       Whip              |       |    26 |    25 ||    51
Throw: Stone             |       |    11 |     4 ||    15
Invok: Bend Time         |       |       |     1 ||     1
  Use: Scroll            |       |    13 |     5 ||    18
       Potion            |       |       |     1 ||     1
  Eat: Chunk             |     2 |     9 |       ||    11
       Meat ration       |       |       |     1 ||     1
       Fruit             |       |       |     1 ||     1
